 Dungeon Crawl Stone Soup version 0.27-a0-1245-g940ed4fa31 (webtiles) character file.

Game seed: 13223813054684265956

1253 Demosthentine the Spear-Bearer (level 8, -3/55 (64) HPs)
             Began as a Merfolk Gladiator on June 9, 2021.
             Was a Follower of the Shining One.
             Slain by a wight
             ... wielding a +3 battleaxe
              (18 damage)
             ... on level 6 of the Dungeon.
             The game lasted 00:05:38 (5720 turns).

Demosthentine the Spear-Bearer (Merfolk Gladiator)  Turns: 5720, Time: 00:05:39

HP:   -3/55 (64)    AC:  8    Str: 22    XL:     8   Next: 51%
MP:   0/8           EV: 15    Int:  7    God:    the Shining One [*.....]
Gold: 12            SH:  0    Dex: 16    Spells: 7/7 levels left

rFire    . . .     SeeInvis .   a - +0 trident
rCold    + . .     Faith    .   (no shield)
rNeg     . . .     Spirit   +   b - +0 leather armour
rPois    .         Reflect  .   c - +0 helmet
rElec    .         Harm     .   (no cloak)
rCorr    .         Rampage  .   j - +1 pair of gloves
Will     +....                  (no boots)
Stlth    +.........             q - amulet of guardian spirit
HPRegen  0.18/turn              e - +6 ring of strength
MPRegen  0.11/turn              k - ring of protection from cold

@: unable to read, glowing, heavily drained
A: (nimble swimmer 2), mertail, iridescent scales 1, strong-willed 1, wild magic
1, inability to read while threatened
a: Renounce Religion


You were on level 6 of the Dungeon.
You worshipped the Shining One.
The Shining One was aware of your devotion.
You visited 2 branches of the dungeon, and saw 7 of its levels.

You collected 262 gold pieces.
You spent 250 gold pieces at shops.

Inventory:

Hand Weapons
 a - a +0 trident (weapon)
Missiles
 d - 2 throwing nets (quivered)
Armour
 b - a +0 leather armour (worn)
 c - a +0 helmet (worn)
 j - a +1 pair of gloves (worn)
Jewellery
 e - a +6 ring of strength (left hand)
 k - a ring of protection from cold (right hand)
 q - an amulet of guardian spirit (around neck)
 t - a ring of flight
Scrolls
 m - a scroll of fear
 o - 2 scrolls of teleportation
 p - 3 scrolls of enchant armour
Potions
 f - a potion of flight
 g - 2 potions of curing
 h - a potion of heal wounds
 i - a potion of attraction
 l - a potion of might
 n - 3 potions of berserk rage
 r - a potion of resistance
 s - a potion of brilliance {unknown}
 u - a potion of magic


   Skills:
 + Level 5.8 Fighting
 + Level 8.4 Polearms
 - Level 2.0 Throwing
 + Level 3.5 Armour
 + Level 7.7 Dodging


You had 7 spell levels left.
You didn't know any spells.
Your spell library was empty.

Dungeon Overview and Level Annotations

Branches:
Dungeon (6/15)             Temple (1/1) D:5

Altars:
Ashenzari
Cheibriados
Dithmenos
Elyvilon
Fedhas
Gozag
Hepliaklqana
Kikubaaqudgha
Nemelex Xobeh
Qazlal
Sif Muna
Vehumet
Wu Jian
Xom
Yredelemnul
Zin
The Shining One

Shops:
D:2 !   D:3 [!*((


Innate Abilities, Weirdness & Mutations

((You are quick and stealthy near water. (Stealth+, EV+, Speed+++)))
Your lower body shifts to a powerful aquatic tail in water.
You are partially covered in iridescent scales. (AC +2)
You are strong-willed. (Will+)
Your spells are a little harder to cast, but a little more powerful.
You sometimes lose the ability to read scrolls when taking damage.


Message History

The wight hits you from afar with a +4 trident!
You are too injured to fight recklessly!
You are too injured to fight recklessly!
You are too injured to fight recklessly!
You are too injured to fight recklessly!
You are too injured to fight recklessly!
Reach: a) +0 trident
Press: ? - help, Dir - move target, f/p - wight
Aim: a wight, wielding a +4 trident and wearing a +0 robe (heavily damaged, about 35% to evade your +0 trident)
You reach to attack!
You hit the wight.
The wight is severely damaged.
Unknown command.
Reach: a) +0 trident
Press: ? - help, Dir - move target, f/p - wight
Aim: a wight, wielding a +4 trident and wearing a +0 robe (severely damaged, about 35% to evade your +0 trident)
You reach to attack!
You hit the wight.
You destroy the wight!
The Shining One accepts your kill.
Reach: a) +0 trident
Press: ? - help, Dir - move target, f - wight
Aim: a wight, wielding a +3 battleaxe and wearing a +0 robe (about 35% to evade your +0 trident)
You reach to attack!
You closely miss the wight.
Unknown command.
Reach: a) +0 trident
Press: ? - help, Dir - move target, f/p - wight
Aim: a wight, wielding a +3 battleaxe and wearing a +0 robe (haloed, about 19% to evade your +0 trident)
You hit the wight.
The wight is lightly damaged.
The wight closely misses you.
You hit the wight but do no damage.
The wight is lightly damaged.
The wight hits you with a +3 battleaxe!
You feel drained.
* * * LOW HITPOINT WARNING * * *
You hit the wight.
The wight is lightly damaged.
The wight closely misses you.
You puncture the wight!
The wight is heavily damaged.
The wight hits you with a +3 battleaxe!!
You die...

##...##
#.....###
#.......
#.....# #..n.#
########.z.##
#.....##....#
#....@znz..<#
#....)##...##
#.....##....#
#.....##....#
#.....##...##
+.......#....
##......#.....
#......#......
##+###


You could see a necrophage and 2 wights.

Vanquished Creatures
  A wraith (D:5)
  2 sky beasts (D:5)
  An ogre (D:4)
  A phantom (D:5)
  2 scorpions
  A water moccasin skeleton (D:5)
  3 wights (D:6)
  A centaur zombie (D:5)
  2 centaur skeletons
  A hound (D:5)
  An orc priest (D:5)
  3 jellies
  An iguana (D:4)
  An orc wizard (D:5)
  A hound skeleton (D:4)
  9 adders
  A gnoll (D:3)
  An ufetubus (D:5)
  2 worms (D:5)
  3 dart slugs
  4 orcs
  12 ball pythons
  3 bats
  2 endoplasms
  2 giant cockroaches
  5 goblins
  7 hobgoblins
  9 jackals
  3 quokkas
  A frilled lizard (D:1)
  8 kobolds
  7 rats
101 creatures vanquished.

Notes
Turn   | Place    | Note
-------+----------+-------------------------------------------
     0 | D:1      | Demosthentine the Merfolk Gladiator began the quest for the
                  | Orb.
     0 | D:1      | Reached XP level 1. HP: 16/16 MP: 1/1
   175 | D:1      | Reached XP level 2. HP: 19/23 MP: 2/2
   569 | D:1      | Reached XP level 3. HP: 18/28 MP: 3/3
  1333 | D:2      | Found an opulent altar of Gozag.
  1368 | D:2      | Reached skill level 5 in Polearms
  1385 | D:2      | Reached skill level 1 in Armour
  1396 | D:2      | Found Xeleumeng's Distillery.
  1404 | D:2      | Bought a potion of heal wounds for 50 gold pieces
  1432 | D:2      | Reached XP level 4. HP: 29/35 MP: 4/4
  1834 | D:3      | Found Arudaxze's Antique Armour Shop.
  1917 | D:3      | Found Foenusaf's Distillery.
  1951 | D:3      | Found Pacwiw's Antique Weapon Shop.
  1960 | D:3      | Reached skill level 5 in Dodging
  1994 | D:3      | Found Xylil's Antique Weapon Shoppe.
  2012 | D:3      | Reached XP level 5. HP: 28/41 MP: 5/5
  2591 | D:3      | Found Puhaa's General Store.
  2599 | D:3      | Bought a scroll of identify for 24 gold pieces
  3002 | D:2      | Bought a potion of degeneration for 10 gold pieces
  3051 | D:4      | Noticed an ogre
  3083 | D:4      | Killed an ogre
  3084 | D:4      | Reached skill level 6 in Polearms
  3084 | D:4      | Reached XP level 6. HP: 18/48 MP: 6/6
  3746 | D:4      | Gained mutation: You are frail. (-10% HP) [potion of
                  | mutation]
  3746 | D:4      | Gained mutation: You sometimes lose the ability to read
                  | scrolls when taking damage. [potion of mutation]
  3746 | D:4      | Gained mutation: You are strong-willed. (Will+) [potion of
                  | mutation]
  3746 | D:4      | Gained mutation: You are partially covered in iridescent
                  | scales. (AC +2) [potion of mutation]
  3747 | D:4      | Lost mutation: You are partially covered in iridescent
                  | scales. (AC +2) [potion of mutation]
  3747 | D:4      | Lost mutation: You are frail. (-10% HP) [potion of
                  | mutation]
  3747 | D:4      | Gained mutation: You are partially covered in iridescent
                  | scales. (AC +2) [potion of mutation]
  3747 | D:4      | Gained mutation: Your spells are a little harder to cast,
                  | but a little more powerful. [potion of mutation]
  3815 | D:2      | Bought a potion of curing for 30 gold pieces
  3815 | D:2      | Bought a potion of might for 40 gold pieces
  3970 | D:5      | Entered Level 5 of the Dungeon
  4013 | D:5      | Found a staircase to the Ecumenical Temple.
  4025 | D:5      | Reached XP level 7. HP: 54/54 MP: 7/7
  4033 | Temple   | Entered the Ecumenical Temple
  4202 | Temple   | Became a worshipper of the Shining One
  4233 | D:5      | Noticed a wraith
  4258 | D:5      | Killed a wraith
  4259 | D:5      | Reached skill level 7 in Polearms
  4599 | D:5      | Reached skill level 5 in Fighting
  4604 | D:5      | Reached XP level 8. HP: 15/62 MP: 1/8
  4634 | D:5      | Reached skill level 8 in Polearms
  5024 | D:5      | Found a snail-covered altar of Cheibriados.
  5608 | D:3      | Bought a potion of magic for 96 gold pieces
  5678 | D:6      | Reached * piety under the Shining One
  5720 | D:6      | Slain by a wight

Illustrated notes

Levels and vault maps discovered:
D:1:      minmay_arrival_shattered_statue, layout_basic,
          chequers_serial_rivers_micro_a
D:2:      layout_loops_corners, serial_shops, nicolae_shop_waterfront,
          basic_altar, minmay_3d_cube
D:3:      layout_basic, serial_shops, shop, nicolae_shop_stone, shop, shop,
          nicolae_shop_window_shopping, minmay_starry_boxes
D:4:      layout_cave_pools, kennysheep_generic_room_11
D:5:      layout_basic, cheibrodos_worm_habitat, temple_pool_b,
          minmay_hedge_maze, chequers_jeans
D:6:      layout_gridville, nicolae_uskayaw_suspiria, hangedman_ru_absence,
          st_stairs_9
Temple:   regret_index_temple_sphere_string

Skill      XL: |  1  2  3  4  5  6  7  8 |
---------------+-------------------------+-----
Polearms       | 5 6 7 8 |  8.4
Armour         | 1 2 3 |  3.5
Fighting       | 3 4 5 |  5.8
Dodging        | 5 6 7 |  7.7
Throwing       | |  2.0

Action                   |  1- 3 |  4- 6 |  7- 9 || total
-------------------------+-------+-------+-------++-------
Melee: Trident           |   109 |   132 |   172 ||   413
       Tailslap          |       |       |     2 ||     2
Throw: Throwing net      |       |     4 |       ||     4
  Use: Scroll            |     3 |     6 |     2 ||    11
       Potion            |       |     3 |     4 ||     7
 Stab: Sleeping          |     2 |     1 |       ||     3
Armor: Leather armour    |    32 |    36 |    48 ||   116
Dodge: Dodged            |    62 |    85 |   122 ||   269

Table legend: (Time is in decaauts)
 A = Elapsed time spent in this place.
 B = Non-inter-level travel time spent in this place.
 C = Inter-level travel time spent in this place.
 D = Time resting spent in this place.
 E = Time spent auto-exploring this place.
 F = Levels seen in this place.
 G = Mean time per level.
                   A        B        C        D        E       F      G
               +--------+--------+--------+--------+--------+-----+--------+
         Total |   5703 |   5253 |    450 |    100 |   4408 |   7 |  814.7 |
       Dungeon |   5517 |   5067 |    450 |    100 |   4249 |   6 |  919.5 |
        Temple |    185 |    185 |      0 |      0 |    159 |   1 |  185.0 |
               +--------+--------+--------+--------+--------+-----+--------+

Top non-repeatable levels by time:
     D:5: 1395 daAuts
     D:3: 1326 daAuts
     D:2: 1081 daAuts
     D:1: 886 daAuts
     D:4: 788 daAuts
  Temple: 185 daAuts
     D:6: 38 daAuts
